 Dungeon Crawl Stone Soup version 0.31-a0-216-g22e908daa7 (webtiles) character file.

Game seed: 7655655990993813913

86 qw the Shooter (level 4, 0/26 HPs)
             Began as a Gargoyle Hexslinger on July 2, 2023.
             Slain by an iguana (9 damage)
             ... on level 2 of the Dungeon.
             The game lasted 00:00:38 (1234 turns).

qw the Shooter (Gargoyle Hexslinger)                Turns: 1234, Time: 00:00:38

Health: 0/26       AC:  6    Str: 12    XL:     4   Next: 49%
Magic:  5/5        EV: 11    Int: 13    God:
Gold:   140        SH:  0    Dex: 14    Spells: 4/5 levels left

rFire   . . .        Y - +1 sling
rCold   . . .        (no shield)
rNeg    + . .        h - +0 leather armour
rPois   inf          (no helmet)
rElec   +            (no cloak)
rCorr   .            (no gloves)
SInv    +            (no boots)
Will    .....        (no amulet)
Stlth   +            d - ring of see invisible
HPRegen 0.24/turn    (no ring)
MPRegen 0.09/turn

%: no passive effects
@: no status effects
A: sickness immunity, AC +3, negative energy resistance 1, electricity
resistance, torment resistance 1, petrification resistance
a: no special abilities


You were on level 2 of the Dungeon.
You visited 1 branch of the dungeon, and saw 3 of its levels.

You collected 140 gold pieces.


Innate Abilities, Weirdness & Mutations

You are immune to sickness and miasma.
Your stone body is resilient. (AC +3)
You are immune to poison.
You resist negative energy. (rN+)
You are resistant to electric shocks. (rElec)
You are resistant to unholy torment.
You are immune to petrification.


   Skills:
 - Level 2.0 Fighting
 + Level 4.3 Ranged Weapons
 - Level 1.5 Dodging
 - Level 1.0 Spellcasting
 - Level 2.6 Hexes


You had 4 spell levels left.
You knew the following spells:

 Your Spells              Type           Power      Damage    Failure   Level
a - Slow                  Hex            28%        N/A       12%         1

Your spell library contained the following spells:

 Spells                   Type           Power      Damage    Failure   Level
 Inner Flame              Hex/Fire       4%         N/A       52%         3
 Portal Projectile        Hex/Tloc       8%         N/A       52%         3
 Cause Fear               Hex            3%         N/A       75%         4

Inventory:

Hand Weapons
 Y - a +1 sling (weapon)
Armour
 h - a +0 leather armour (worn)
Jewellery
 d - a ring of see invisible (left hand)
 e - an amulet of the acrobat
Scrolls
 g - a scroll of identify
Potions
 a - a potion of curing {unknown}
 f - a potion of brilliance {unknown}

Dungeon Overview and Level Annotations

Branches:
Dungeon (3/15)

Altars:


Message History

1224 ||| STAIRDANCE The quokka barely misses you.
The iguana barely misses you.
You climb upwards.
There is a stone staircase leading down here.
Enter note:
Enter note:
Enter note:
Enter note:
Enter note:
Enter note: You shoot a sling bullet.
The sling bullet barely misses the quokka.
The quokka bites you but does no damage.
The iguana bites you.
You shoot a sling bullet. The sling bullet hits the quokka.
You kill the quokka!
The iguana bites you.
You shoot a sling bullet. The sling bullet hits the iguana.
The iguana is lightly wounded.
The iguana misses you.
You shoot a sling bullet.
The sling bullet closely misses the iguana.
The iguana misses you.
You shoot a sling bullet.
The sling bullet closely misses the iguana.
The iguana completely misses you.
You shoot a sling bullet.
The sling bullet closely misses the iguana.
The iguana bites you but does no damage.
The iguana bites you!
You shoot a sling bullet. The sling bullet hits the iguana.
The iguana is lightly wounded.
The iguana bites you.
You shoot a sling bullet. The sling bullet hits the iguana!
The iguana is heavily wounded.
The iguana barely misses you.
You shoot a sling bullet.
The sling bullet closely misses the iguana.
The iguana bites you!
You die...

#.#. ########### #..# #.<.......#
#... #.........# #... #.........#
#... #####.........# #..#
#######.............# #.#.
........###.........# ########...
.....#### #....%@l.?###......####
.....######.............####..###
#.#####.....###.####.#######....#
#.# #...#..........#####...##.#
#.### ###.#####.##.........).....
#...# #.## #(#..####.###.##.#.
###.# #..## #)...####.###.##.#.
#.# ##..# #.#................ #.#
##.###)#..##.###.##.#.#.


You could see an iguana.

Vanquished Creatures
  4 gnolls
  7 endoplasms
  5 giant cockroaches (D:1)
  4 goblins
  5 hobgoblins
  2 quokkas
  2 ball pythons (D:1)
  4 bats
  4 frilled lizards
  7 kobolds
  2 rats
46 creatures vanquished.

Notes
Turn   | Place    | Note
-------+----------+-------------------------------------------
     0 | D:1      | qw the Gargoyle Hexslinger began the quest for the Orb.
     0 | D:1      | Reached XP level 1. HP: 12/12 MP: 2/2
     0 | D:1      | 0 ||| qw: Version: 0.3-a-35-g05ef00e
     0 | D:1      | 0 ||| qw: Game counter: 7839
     0 | D:1      | 0 ||| qw: Melee chars always use a shield: true
     0 | D:1      | 0 ||| qw: God list: Okawaru
     0 | D:1      | 0 ||| qw: Allow faded altars: false
     0 | D:1      | 0 ||| qw: Do Orc after clearing Dungeon:15 true
     0 | D:1      | 0 ||| qw: Do second Lair branch before Depths: true
     0 | D:1      | 0 ||| qw: Lair rune preference: random
     0 | D:1      | 0 ||| qw: Goals: Normal
     0 | D:1      | 0 ||| PLANNING D:1-11
    55 | D:1      | Reached skill level 3 in Ranged Weapons
    55 | D:1      | Reached XP level 2. HP: 12/16 MP: 3/3
   167 | D:1      | Reached XP level 3. HP: 21/21 MP: 4/4
   725 | D:1      | 725 ||| READING scroll labelled HISIR AWYFYTZ.
   726 | D:1      | 726 ||| READING scroll labelled VEALYMINNA.
   729 | D:1      | 729 ||| READING scroll labelled IVYMOBRIHO.
   730 | D:1      | 730 ||| DRINKING 2 sedimented white potions.
   731 | D:1      | 731 ||| DROPPING scroll of poison.
   732 | D:1      | 732 ||| DROPPING potion of attraction.
   829 | D:2      | Reached XP level 4. HP: 26/26 MP: 5/5
   832 | D:2      | Reached skill level 4 in Ranged Weapons
  1198 | D:2      | 1198 ||| UPGRADING to +0 leather armour.
  1208 | D:2      | 1208 ||| DROPPING +0 robe.
  1209 | D:2      | 1209 ||| UPGRADING to ring of see invisible.
  1210 | D:2      | 1210 ||| READING 2 scrolls labelled ICVOSHRECHO.
  1211 | D:2      | 1211 ||| READING 2 scrolls labelled PILITE YLOBIE.
  1212 | D:2      | 1212 ||| READING scroll labelled MOFOSKO DY HEAM.
  1213 | D:2      | 1213 ||| DROPPING scroll of noise.
  1224 | D:3      | 1224 ||| STAIRDANCE
  1234 | D:2      | Slain by an iguana

Levels and vault maps discovered:
D:1:      minmay_arrival_semitransparent, layout_loops_ring
D:2:      layout_rooms, hangedman_decor_slide_cut, minmay_diced_spiral
D:3:      layout_rooms, mainiacjoe_overflow_paths,
          shapermc_ecumenical_altar_mp_ritualfount,
          ebering_ghost_reflecting_pool, uniq_terence

Skill      XL: |  1  2  3  4 |
---------------+-------------+-----
Ranged Weapons | 3 4 |  4.3
Fighting       | 2 |  2.0
Dodging        | |  1.5
Spellcasting   | |  1.0
Hexes          | |  2.6

Action                     |  1- 3 |  4- 6 || total
---------------------------+-------+-------++-------
   Fire: Sling             |   100 |    57 ||   157
    Use: Scroll            |     3 |     3 ||     6
         Potion            |     1 |       ||     1
 Armour: Robe              |    14 |    12 ||    26
         Leather armour    |       |     4 ||     4
  Dodge: Dodged            |    24 |    35 ||    59

Table legend:
 A = Non-vault XP
 B = Vault XP
 C = Vault XP percentage of total XP
 D = Non-vault monster count
 E = Vault monster count
 F = Vault count percentage of total count
                 A         B        C        D         E       F
            +---------+---------+-------+---------+---------+-------
      Total |     117 |       6 |   4.9 |      42 |       4 |   8.7
            +---------+---------+-------+---------+---------+-------
        D:1 |      59 |       0 |   0.0 |      27 |       0 |   0.0
        D:2 |      58 |       6 |   9.4 |      15 |       4 |  21.1
            +---------+---------+-------+---------+---------+-------
